 Dungeon Crawl Stone Soup version 0.30.0-17-ge0270778cf (webtiles) character file.

Game seed: 3775470788236463583

326 testman the Conjurer (level 6, -8/32 HPs)
             Began as a Gargoyle Earth Elementalist on May 22, 2023.
             Mangled by Terence
             ... wielding a +5 mace of protection
              (10 damage)
             ... on level 3 of the Dungeon.
             The game lasted 00:11:13 (2768 turns).

testman the Conjurer (Gargoyle Earth Elementalist)  Turns: 2768, Time: 00:11:14

Health: -8/32      AC:  7    Str: 12    XL:     6   Next: 49%
Magic:  3/9        EV: 11    Int: 17    God:
Gold:   151        SH:  0    Dex: 10    Spells: 3/9 levels left

rFire   . . .        k - +1 dagger (speed)
rCold   . . .        (no shield)
rNeg    + . .        c - +0 leather armour
rPois   ∞            (no helmet)
rElec   +            (no cloak)
rCorr   .            (no gloves)
SInv    .            (no boots)
Will    .....        (no amulet)
Stlth   ++           (no ring)
HPRegen 0.25/turn    (no ring)
MPRegen 0.11/turn

%: no passive effects
@: no status effects
A: sickness immunity, AC +4, negative energy resistance 1, electricity
resistance, torment resistance 1, petrification resistance
a: no special abilities


You were on level 3 of the Dungeon.
You visited 1 branch of the dungeon, and saw 3 of its levels.

You collected 151 gold pieces.

Inventory:

Hand Weapons
 f - a +0 short sword
 k - a +1 dagger of speed (weapon)
Missiles
 e - 12 javelins
Armour
 a - a +0 robe
 c - a +0 leather armour (worn)
Magical Staves
 d - a staff of poison
Wands
 r - a wand of iceblast (6)
Scrolls
 g - 4 scrolls of identify {unknown}
 h - a scroll of fog {unknown}
 i - a scroll of teleportation {unknown}
 j - a scroll of enchant weapon {unknown}
 n - 2 scrolls of enchant armour {unknown}
 p - a scroll of torment {unknown}
Potions
 b - a potion of magic
 l - 2 potions of curing
 m - a potion of resistance {unknown}
 o - a potion of cancellation {unknown}
 q - 2 potions of invisibility {unknown}
 s - a potion of haste {unknown}


   Skills:
 + Level 0.2 Fighting
 + Level 1.6 Dodging
 - Level 2.1 Stealth
 + Level 2.0 Spellcasting
 - Level 5.8 Conjurations
 - Level 2.0 Transmutations
 + Level 4.3 Earth Magic


You had 3 spell levels left.
You knew the following spells:

 Your Spells              Type           Power      Damage    Failure   Level
a - Sandblast             Erth           32%        2d9       4%          1
b - Passwall              Tmut/Erth      10%        N/A       10%         2
c - Stone Arrow           Conj/Erth      38%        3d9       9%          3

Your spell library contained the following spells:

 Spells                   Type           Power      Damage    Failure   Level
 Portal Projectile        Hex/Tloc       2%         N/A       58%         3
 Tukima's Dance           Hex            1%         N/A       58%         3
 Petrify                  Tmut/Erth      12%        N/A       54%         4
 Blade Hands              Tmut           4%         N/A       96%         5


Dungeon Overview and Level Annotations

Branches:
Dungeon (3/15)

Altars:
Nemelex Xobeh

Shops:
D:2 [

Annotations:
D:3 Terence


Innate Abilities, Weirdness & Mutations

You are immune to sickness and miasma.
Your stone body is resilient. (AC +4)
You are immune to poison.
You resist negative energy. (rN+)
You are resistant to electric shocks. (rElec)
You are resistant to unholy torment.
You are immune to petrification.


Message History

Confirm with . or Enter, or press ? or * to list all spells.
You don't know that spell.
Casting: Sandblast (safe; 4% risk of failure)
Confirm with . or Enter, or press ? or * to list all spells.
The spell is quite dangerous to miscast (9% risk of failure)!
Continue anyway?
Okay, then.
Unknown command.
Aiming: Sandblast (safe; 4% risk of failure)
Press: ? - help, Q - select action, (/) - cycle Shift-Dir - straight line, f/p - Terence
Aim: Terence, wielding a +5 mace of protection and wearing a +0 ring mail (84% to hit)
The blast of sand hits Terence but does no damage.
Terence hits you with a +5 mace of protection.
Aiming: Sandblast (safe; 4% risk of failure)
Press: ? - help, Q - select action, (/) - cycle Shift-Dir - straight line, f/p - Terence
Aim: Terence, wielding a +5 mace of protection and wearing a +0 ring mail (84% to hit)
The blast of sand hits Terence.
Terence is lightly wounded.
Terence hits you with a +5 mace of protection!
Terence hits you with a +5 mace of protection.
* * * LOW HITPOINT WARNING * * *
Unknown command.
Casting: Sandblast (safe; 4% risk of failure)
Confirm with . or Enter, or press ? or * to list all spells.
Aiming: Passwall (safe; 10% risk of failure)
Press: ? - help, Dir - move target, p - Terence You can't see that place. [a rock wall.] This rock feels extremely deep.
Unknown command.
Unknown command.
Terence attacks as you move away!
Terence hits you with a +5 mace of protection!
* * * LOW HITPOINT WARNING * * *
Unknown command.
Unknown command.
Unknown command.
Unknown command.
Terence attacks as you move away!
Terence hits you with a +5 mace of protection!
You die...

##.. .................####.####.
....##S............###....[.###..
.#..........#......# ####.......#
...................## #......##
.......... ####.....########..##
........ #####.......###.###
......# ############........
......###### #.>......# ##....###
...........# #.@@.....###..####
......####.###S.......#...##
####### #..............###
#####........### #........#
#........# #........# #........#
#........#


You could see Terence and an adder.

Vanquished Creatures
  Grinder (D:3)
  Ijyb (D:3)
  5 adders
  A worm (D:2)
  2 dart slugs
  5 ball pythons
  7 bats
  3 endoplasms (D:1)
  3 goblins
  4 hobgoblins
  5 quokkas
  2 frilled lizards (D:1)
  4 kobolds
  A rat (D:2)
44 creatures vanquished.

Notes
Turn   | Place    | Note
-------+----------+-------------------------------------------
     0 | D:1      | testman the Gargoyle Earth Elementalist began the quest for
                  | the Orb.
     0 | D:1      | Reached XP level 1. HP: 10/10 MP: 3/3
   347 | D:1      | Reached XP level 2. HP: 15/15 MP: 3/5
   350 | D:1      | Learned a level 2 spell: Passwall
   386 | D:1      | Reached skill level 1 in Transmutations
  1072 | D:1      | Reached XP level 3. HP: 19/19 MP: 3/6
  1076 | D:1      | Learned a level 3 spell: Stone Arrow
  1320 | D:2      | Found a sparkling altar of Nemelex Xobeh.
  1606 | D:2      | Reached skill level 1 in Conjurations
  1666 | D:2      | Found a faded altar of an unknown god.
  1788 | D:2      | Found Ysimmiv's Armour Shoppe.
  2172 | D:2      | Reached skill level 2 in Conjurations
  2172 | D:2      | Reached XP level 4. HP: 22/24 MP: 4/7
  2360 | D:3      | Noticed Ijyb
  2405 | D:3      | Killed Ijyb
  2406 | D:3      | Reached skill level 3 in Conjurations
  2490 | D:3      | Noticed Grinder
  2499 | D:3      | Paralysed by Grinder for 2 turns
  2504 | D:3      | Killed Grinder
  2505 | D:3      | Reached skill level 5 in Conjurations
  2505 | D:3      | Reached XP level 5. HP: 8/28 MP: 4/8
  2505 | D:3      | Reached XP level 6. HP: 9/32 MP: 4/9
  2750 | D:3      | Noticed Terence
  2764 | D:3      | HP: 1/32 [Terence/+5 mace of protection (8)]
  2768 | D:3      | Mangled by Terence

Illustrated notes

Levels and vault maps discovered:
D:1:      amcnicky_arrival_flooded_fountain, layout_basic
D:2:      layout_loops_corners, basic_altar,
          dreamdust_ecumenical_altar_hidden_monk_grotto, serial_shops,
          nicolae_shop_real_fake_doors
D:3:      layout_rooms, uniq_terence, uniq_ijyb, uniq_grinder

Skill      XL: |  1  2  3  4 |
---------------+-------------+-----
Earth Magic    | 4 |  4.3
Transmutations | 1 2 |  2.0
Conjurations   | 2 5 |  5.8
Fighting       | |  0.2
Dodging        | |  1.6
Stealth        | |  2.1
Spellcasting   | |  2.0

Action                     |  1- 3 |  4- 6 || total
---------------------------+-------+-------++-------
  Melee: Staff             |     4 |       ||     4
         Dagger            |       |    39 ||    39
   Cast: Sandblast         |    52 |    27 ||    79
         Stone Arrow       |       |     1 ||     1
    Use: Potion            |       |     1 ||     1
 Armour: Robe              |     1 |       ||     1
         Leather armour    |     8 |     9 ||    17
  Dodge: Dodged            |    14 |    25 ||    39
